 Dungeon Crawl Stone Soup version 0.27.1-2-g3b301248ec (webtiles) character file.

Game seed: 15928722329146614171

57826 Amplified the Corrupter of Planes (level 14, -5/132 HPs)
             Began as a Hill Orc Abyssal Knight on Sept 28, 2021.
             Was the Champion of Lugonu.
             Slain by a spriggan rider (49 damage)
             ... on level 6 of the Lair of Beasts.
             The game lasted 00:26:54 (24258 turns).

Amplified the Corrupter of Planes (HOAK)           Turns: 24258, Time: 00:26:54

Health: -5/132     AC: 24    Str: 20    XL:     14   Next: 87%
Magic:  25/25      EV: 14    Int: 12    God:    Lugonu [******]
Gold:   617        SH:  0    Dex: 10    Spells: 13/13 levels left

rFire    + + +     SeeInvis .   I - +2 Maxwell's thermic engine {flame, freeze}
rCold    + . .     Faith    .   b - +2 buckler {rC+}
rNeg     + + +     Spirit   .   m - +1 storm dragon scales
rPois    +         Reflect  .   G - +0 helmet
rElec    +         Harm     .   L - +2 cloak {Stlth+}
rCorr    +         Rampage  .   p - +0 pair of gloves of the Albatross {Fly rN++ rCorr}
Will     +....                  f - +0 pair of boots
Stlth    ..........             s - amulet of Pueten {RegenMP Contam rElec rF+++ rN+}
HPRegen  0.32/turn              W - ring of poison resistance
MPRegen  0.44/turn              c - +4 ring of evasion

@: about to teleport, sleeping, flying, studying Axes
A: no striking features
a: Renounce Religion, Depart the Abyss, Bend Space, Banish, Corrupt, Enter the
Abyss, Brand Weapon With Distortion


You were on level 6 of the Lair of Beasts.
You worshipped Lugonu.
Lugonu was exalted by your worship.
You visited 2 branches of the dungeon, and saw 18 of its levels.
You visited the Abyss 1 time.
You also visited: Sewer and Ice Cave.

You collected 1535 gold pieces.
You spent 918 gold pieces at shops.

Inventory:

Hand Weapons
 I - the +2 Maxwell's thermic engine (weapon) {flame, freeze}
   (You bought it in a shop on level 9 of the Dungeon)

   It burns those it strikes, dealing additional fire damage.
   Big, fiery blades are also staple armaments of hydra-hunters.
   It freezes those it strikes, dealing additional cold damage.
   It can also slow down cold-blooded creatures.
   It becomes more effective when it hits something.
   This effect fades over time.
 M - a +1 demon trident of electrocution
Missiles
 l - 115 poisoned darts
 K - 4 curare-tipped darts
Armour
 b - a +2 buckler of cold resistance (worn)
 f - a +0 pair of boots (worn)
 m - +1 storm dragon scales (worn)
 p - the +0 pair of gloves of the Albatross (worn) {Fly rN++ rCorr}
   (You bought it in a shop on level 1 of the Dungeon)

   rN:        It greatly protects you from negative energy.
   Fly:       It grants you flight.
   rCorr:     It protects you from acid and corrosion.
 v - a +0 pair of gloves
 G - a +0 helmet (worn)
 L - a +2 cloak of stealth (worn)
Jewellery
 c - a +4 ring of evasion (right hand)
 d - a ring of flight
 s - the amulet of Pueten (around neck) {RegenMP Contam rElec rF+++ rN+}
   (You found it on level 3 of the Lair of Beasts)

   [amulet of magic regeneration]

   It increases your rate of magic regeneration.
   rF:        It renders you almost immune to fire.
   rElec:     It insulates you from electricity.
   rN:        It protects you from negative energy.
   Contam:    It causes magical contamination when unequipped.
 x - a ring of willpower
 y - a ring of protection from fire
 A - a ring of see invisible
 C - a ring of magical power
 N - an amulet of regeneration
 P - the amulet of the Air {Inacc Air Fly rElec RMsl}
   (You found it in an ice cave)

   [amulet of nothing]

   It reduces the accuracy of all your attacks.
   It enhances your air magic.
   rElec:     It insulates you from electricity.
   Fly:       It grants you flight.
   RMsl:      It protects you from missiles.
 W - a ring of poison resistance (left hand)
Wands
 a - a wand of charming (23)
 t - a wand of paralysis (9)
 B - a wand of flame (68)
 F - a wand of polymorph (13)
Scrolls
 e - 3 scrolls of magic mapping
 i - a scroll of torment
 o - 4 scrolls of amnesia
 w - a scroll of fog
 S - a scroll of silence
 T - a scroll of fear
 V - a scroll of identify
Potions
 k - 6 potions of magic
 n - 4 potions of haste
 r - a potion of degeneration
 u - 2 potions of cancellation
 D - a potion of attraction
 H - 3 potions of lignification
 J - 2 potions of curing
 O - a potion of mutation
 Q - a potion of ambrosia
 U - a potion of might
Miscellaneous
 h - a tin of tremorstones (inert)
 z - a phantom mirror
 E - a phial of floods (inert)


   Skills:
 * Level 14.3 Fighting
 * Level 10.2 Long Blades
 - Level 9.2 Axes
 - Level 11.5 Armour
 - Level 8.9 Dodging
 * Level 6.6 Shields
 * Level 15.1 Invocations


You had 13 spell levels left.
You didn't know any spells.
Your spell library contained the following spells:

 Spells                   Type           Power      Damage    Failure   Level
 Magic Dart               Conj           0%         1d3       91%         1
 Shock                    Conj/Air       0%         1d3       91%         1
 Searing Ray              Conj           0%         3d3       97%         2
 Call Canine Familiar     Summ           0%         N/A       100%        3
 Ozocubu's Armour         Ice            0%         N/A       100%        3
 Portal Projectile        Hex/Tloc       0%         N/A       100%        3
 Swiftness                Air            0%         N/A       100%        3
 Airstrike                Air            0%         N/A       100%        4
 Fulminant Prism          Conj/Hex       0%         3d6       100%        4
 Leda's Liquefaction      Hex/Erth       0%         N/A       100%        4
 Fireball                 Conj/Fire      0%         3d3       100%        5
 Metabolic Englaciation   Hex/Ice        0%         N/A       100%        5
 Simulacrum               Ice/Necr       0%         N/A       100%        6
 Starburst                Conj/Fire      0%         6d3       100%        6
 Ignition                 Fire           0%         3d3       100%        8


Dungeon Overview and Level Annotations

Branches:
Dungeon (12/15)            Temple (0/1) D:7            Lair (6/6) D:8
 Shoals (0/4) Lair:4       Spider (0/4) Lair:2        Slime (0/5) Lair:5
    Orc (0/2) D:11          Sewer (visited)           IceCv (visited)

Altars:
Ashenzari
Dithmenos
Elyvilon
Gozag
Hepliaklqana
Kikubaaqudgha
Ru
Sif Muna
Wu Jian
Xom
Yredelemnul
Zin
The Shining One
Jiyva

Shops:
D:1 [   D:6 =   D:9 **(=[

Annotations:
D:12 Snorg
Lair:2 exclusion: oklob plant
Lair:4 2 transporters, Murgh's ghost, journeyman MiBe


Message History

The dream sheep ruffles its wool and motes of dream dust sparkle, to no effect.
The spriggan rider barely misses you.
Unknown command.
Aiming: Paralyse
Press: ? - help, Shift-Dir - straight line, f/p - spriggan rider
Aim: a spriggan rider, wielding a +0 spear and quivering curare-tipped darts (waterlogged, chance to affect: 1%)
The spriggan rider resists with almost no effort.
The spriggan rider throws a curare-tipped dart.
The curare-tipped dart hits you.
The boggart casts a spell.
The boggart flickers and vanishes!
Deactivating autopickup; reactivate with Ctrl-A.
Unknown command.
Aiming: Charm
Press: ? - help, Shift-Dir - straight line, f/p - spriggan rider
Aim: a spriggan rider, wielding a +0 spear and quivering curare-tipped darts (waterlogged, chance to affect: 1%)
The spriggan rider resists with almost no effort.
The dream sheep is no longer waterlogged.
The dream sheep ruffles its wool and motes of dream dust sparkle, to no effect.
The spriggan rider hits you from afar with a +0 spear!
Unknown command.
Okay, then.
The spriggan rider is no longer waterlogged.
You hear some strange, mumbled words.
The spriggan rider hits you but does no damage.
Unknown command.
You miss the spriggan rider.
The spriggan rider hits you with a +0 spear!
Unknown command.
Your storm dragon scales prevents you from hitting the spriggan rider.
A wolf comes into view.
The spriggan rider hits you but does no damage.
Unknown command.
Okay, then.
As you read the scroll of teleportation, it crumbles to dust.
You feel strangely unstable.
The dream sheep shake their wool and sparkle.
You feel drowsy...
You fall asleep.
The spriggan rider hits you with a +0 spear!!!
You die... ♣♣.♣ ... ...♣♣ ll..♣ ♣hY.♣ hi.

# ♣♣Y♣ P
♣i♣ . ♣@♣
. ♣.♣ .♣
. ♣.♣♣
♣♣.♣ .
♣..♣ ♣..♣
♣♣.♣ ♣..♣
♣h♣♣♣.♣
♣♣.♣..♣♣
♣...♣..♣
♣..♣....♣


You could see a spriggan rider, 2 polar bears, a komodo dragon (summoned), a
basilisk (summoned), a spriggan, a wolf and 2 dream sheep.

Vanquished Creatures
  A boulder beetle (Lair:4)
  4 hydras
  3 two-headed ogres
  4 death yaks (Lair:4)
  Urug (D:12)
  Nergalle (D:10)
  The ghost of Stajl the Grappler, a novice TrMo (D:5)
  Pikel (D:9)
  2 slime creatures (D:12)
  A cyclops (D:8)
  A merfolk siren (Lair:4)
  13 elephants
  A manticore (D:11)
  Maurice (D:11)
  5 black mambas
  2 ice statues (IceCv)
  12 cane toads
  4 orange demons (D:11)
  A gargoyle (D:12)
  A torpor snail (Lair:4)
  Maggie (D:6)
  6 komodo dragons
  6 rime drakes
  2 red devils (D:11)
  2 trolls
  2 polar bears
  2 merfolk (Lair:4)
  2 hornets (Lair:6)
  19 blink frogs
  A dream sheep (Lair:4)
  2 redbacks (Lair:2)
  2 shadows (D:9)
  4 basilisks
  5 wyverns
  82 yaks
  2 wraiths
  2 steam dragons (D:9)
  An acid dragon (D:12)
  15 water moccasins
  7 orc warriors
  2 black bears
  An ogre (D:6)
  3 necrophages
  12 centaurs
  25 wolves
  3 kobold brigands
  16 bullfrogs
  A gnoll sergeant (D:8)
  A water moccasin skeleton (D:4)
  5 killer bees (D:8)
  5 lindwurm simulacra (IceCv)
  5 electric eels
  4 howler monkeys
  8 komodo dragon simulacra (IceCv)
  4 centaur zombies
  A jelly (D:5)
  A bullfrog zombie (D:6)
  A hound (D:4)
  A bullfrog skeleton (D:7)
  9 orc priests
  A centaur skeleton (D:7)
  3 iguanas
  20 orc wizards
  A howler monkey zombie (D:9)
  4 gnolls (D:8)
  3 acid dragon simulacra (IceCv)
  11 adders
  10 river rats
  A shadow imp (D:8)
  An ufetubus (D:7)
  4 steam dragon simulacra (IceCv)
  2 adder skeletons (D:4)
  2 dart slugs
  42 orcs
  4 bats
  3 endoplasms
  5 giant cockroaches
  6 goblins
  7 hobgoblins
  A quokka (D:5)
  7 ball pythons
  A frilled lizard (D:2)
  27 kobolds
  21 rats
520 creatures vanquished.

Vanquished Creatures (collateral kills)
  An ice dragon (IceCv)
  A rime drake (IceCv)
2 creatures vanquished.

Vanquished Creatures (others)
  2 bushes (Lair:3)
  2 demonic plants (D:1)
  19 fungi
  35 plants
58 creatures vanquished.

Grand Total: 580 creatures vanquished

Notes
Turn   | Place    | Note
-------+----------+-------------------------------------------
     0 | Abyss:1  | Amplified the Hill Orc Abyssal Knight began the quest for
                  | the Orb.
     0 | Abyss:1  | Reached XP level 1. HP: 19/19 MP: 2/2
    51 | Abyss:1  | Noticed a large abomination
    52 | D:1      | Escaped the Abyss
   283 | D:1      | Reached skill level 1 in Dodging
   283 | D:1      | Reached XP level 2. HP: 24/27 MP: 3/3
   331 | D:1      | Reached * piety under Lugonu
   441 | D:1      | Found a faded altar of an unknown god.
   490 | D:1      | Found Nimipnod's Armour Shop.
   669 | D:2      | Reached XP level 3. HP: 32/33 MP: 5/5
   800 | D:2      | Reached skill level 3 in Invocations
  1832 | D:3      | Found a glowing drain.
  1841 | D:3      | Reached XP level 4. HP: 36/40 MP: 6/6
  1988 | Sewer    | Entered a sewer
  2318 | Sewer    | Reached XP level 5. HP: 42/47 MP: 7/7
  2439 | Sewer    | Reached ** piety under Lugonu
  2462 | Sewer    | Reached skill level 4 in Invocations
  2662 | Sewer    | Noticed a kobold brigand
  2687 | Sewer    | Killed a kobold brigand
  2688 | Sewer    | Reached XP level 6. HP: 19/55 MP: 9/9
  3271 | D:3      | Found an opulent altar of Gozag.
  3647 | D:4      | Reached skill level 5 in Fighting
  3685 | D:4      | Reached *** piety under Lugonu
  3920 | D:4      | Reached skill level 5 in Axes
  3920 | D:4      | Reached XP level 7. HP: 55/61 MP: 10/10
  3936 | D:4      | Reached skill level 5 in Invocations
  4769 | D:5      | Entered Level 5 of the Dungeon
  5043 | D:5      | Reached XP level 8. HP: 53/70 MP: 12/12
  5299 | D:5      | Found a large runed translucent door.
  5313 | D:5      | Found a sacrificial altar of Ru.
  5351 | D:5      | Found an ornate altar of the Wu Jian Council.
  5465 | D:5      | Found a large runed translucent door.
  5465 | D:5      | Noticed Stajl's ghost (novice TrMo)
  5780 | D:6      | Found Fyzix's Jewellery Boutique.
  5793 | D:6      | Reached skill level 5 in Armour
  5796 | D:6      | Reached skill level 6 in Invocations
  5987 | D:6      | Noticed Maggie
  5995 | D:6      | Killed Maggie
  6348 | D:6      | Reached XP level 9. HP: 71/79 MP: 14/14
  6397 | D:6      | Reached skill level 7 in Invocations
  6916 | D:7      | Reached **** piety under Lugonu
  6970 | D:7      | You fall into a shaft and drop 2 floors!
  6970 | D:9      | Found Bijulyra's General Store.
  6973 | D:9      | Noticed Pikel
  7005 | D:9      | Found Roifom's General Store.
  7138 | D:9      | Found a shadowy altar of Dithmenos.
  7258 | D:9      | Reached skill level 8 in Invocations
  7519 | D:9      | Reached skill level 5 in Dodging
  7519 | D:9      | Reached XP level 10. HP: 30/88 MP: 16/16
  7909 | D:9      | Found Tub Him's Weapon Shop.
  7926 | D:9      | Noticed a two-headed ogre
  7936 | D:9      | Killed a two-headed ogre
  8121 | D:9      | Killed Pikel
  8122 | D:9      | Reached skill level 9 in Invocations
  8195 | D:9      | Bought a potion of curing for 48 gold pieces
  8265 | D:9      | Found a basalt altar of Yredelemnul.
  8336 | D:9      | Found a broken altar of Ashenzari.
  8504 | D:9      | Found Oviari's Jewellery Boutique.
  8538 | D:9      | Found Latingon's Antique Armour Emporium.
  8669 | D:9      | Found a hazy altar of Hepliaklqana.
  8805 | D:10     | Entered Level 10 of the Dungeon
  8992 | D:7      | Found a staircase to the Ecumenical Temple.
  9165 | D:7      | Found a shimmering altar of Xom.
  9693 | D:8      | Noticed a cyclops
  9707 | D:8      | Killed a cyclops
  9833 | D:8      | Reached skill level 10 in Invocations
  9836 | D:8      | Reached XP level 11. HP: 53/99 MP: 18/18
 10026 | D:8      | Found a staircase to the Lair.
 10225 | D:8      | Found a glowing golden altar of the Shining One.
 10245 | D:8      | Found a white marble altar of Elyvilon.
 10262 | D:8      | Found an ancient bone altar of Kikubaaqudgha.
 10457 | D:8      | Found a glowing silver altar of Zin.
 11179 | D:9      | Bought the +2 Maxwell's thermic engine {flame, freeze} for
                  | 484 gold pieces
 11179 | D:9      | Found the +2 Maxwell's thermic engine {flame, freeze}
 11331 | D:10     | Noticed Nergalle
 11335 | D:10     | Noticed a spectral orc warlord
 11341 | D:10     | Killed Nergalle
 11342 | D:10     | Reached skill level 10 in Fighting
 11342 | D:10     | Reached skill level 1 in Long Blades
 11373 | D:10     | Noticed Sonja
 11373 | D:10     | Noticed a two-headed ogre
 11400 | D:10     | Killed a two-headed ogre
 11778 | D:10     | Noticed Sonja
 11778 | D:10     | Sonja changed into Sonja the iguana
 11783 | D:10     | Killed Sonja the iguana
 11875 | D:10     | Found a shimmering blue altar of Sif Muna.
 12447 | D:11     | Noticed a manticore
 12456 | D:11     | Killed a manticore
 12614 | D:11     | Noticed Maurice
 12628 | D:11     | Killed Maurice
 12694 | D:11     | Reached skill level 11 in Invocations
 13304 | D:11     | Reached XP level 12. HP: 81/108 MP: 20/20
 13305 | D:11     | Reached ***** piety under Lugonu
 13352 | D:11     | Noticed a two-headed ogre
 13357 | D:11     | Killed a two-headed ogre
 13474 | D:11     | Found a staircase to the Orcish Mines.
 13999 | D:12     | Reached skill level 10 in Armour
 14150 | D:12     | Noticed Urug
 14161 | D:12     | Killed Urug
 14633 | D:12     | Reached skill level 5 in Long Blades
 14972 | D:12     | Noticed Snorg
 15218 | D:5      | Killed Stajl's ghost
 15555 | Lair:1   | Entered Level 1 of the Lair of Beasts
 15716 | Lair:1   | Reached skill level 12 in Invocations
 15751 | Lair:1   | You fall into a shaft and drop 1 floor!
 15787 | Lair:2   | Found a hole to the Spider Nest.
 16057 | Lair:2   | Identified the +9 hand axe of Fatigue {vorpal, Str+2 Int+4
                  | SInv}
 16122 | Lair:2   | Noticed a five-headed hydra
 16138 | Lair:2   | Killed a one-headed hydra
 17496 | Lair:1   | Reached XP level 13. HP: 105/118 MP: 22/22
 18052 | Lair:3   | Reached skill level 13 in Invocations
 18315 | Lair:3   | Found a frozen archway.
 18336 | IceCv    | Entered an ice cave
 19515 | IceCv    | Noticed an ice dragon
 19547 | IceCv    | Killed an ice dragon
 19548 | IceCv    | Reached skill level 1 in Shields
 19553 | IceCv    | Found the amulet of the Air {Inacc Air Fly rElec RMsl}
 19734 | Lair:3   | Identified the amulet of Pueten {RegenMP Contam rElec rF+++
                  | rN+}
 20582 | D:1      | Bought the +0 pair of gloves of the Albatross {Fly rN++
                  | rCorr} for 386 gold pieces
 20844 | Lair:4   | Found a transporter.
 20844 | Lair:4   | Noticed Murgh's ghost (journeyman MiBe)
 21055 | Lair:4   | Reached XP level 14. HP: 127/129 MP: 24/24
 21068 | Lair:4   | Found a transporter.
 21095 | Lair:4   | Reached skill level 14 in Invocations
 21865 | Lair:4   | Identified a scroll of acquirement
 21865 | Lair:4   | Acquired a manual of Axes
 22064 | Lair:4   | Reached ****** piety under Lugonu
 22200 | Lair:4   | Found a staircase to the Shoals.
 22522 | Lair:4   | Reached skill level 5 in Shields
 23523 | Lair:5   | Found a viscous altar of Jiyva.
 23523 | Lair:5   | Found a staircase to the Slime Pits.
 23715 | Lair:6   | Entered Level 6 of the Lair of Beasts
 23936 | Lair:6   | Reached skill level 10 in Long Blades
 23968 | Lair:6   | Reached skill level 15 in Invocations
 24258 | Lair:6   | Slain by a spriggan rider

Illustrated notes

Levels and vault maps discovered:
D:1:      eino_arrival_cavern_a, layout_rooms,
          dreamdust_ecumenical_altar_sealed_demon, serial_shops, shop
D:2:      cheibrodos_greedy_goblins, layout_basic, dk_noncrumbling_3
D:3:      layout_loops_corners, marbit_many_paths, portal_sewer_entry_b
D:4:      layout_rooms
D:5:      layout_loops_ring, mainiacjoe_overflow_brackets,
          nicolae_ru_awakened_eye, ebering_ghost_disaster_area
D:6:      layout_loops_ring, serial_shops, nicolae_shop_stone, uniq_maggie
D:7:      layout_basic, mainiacjoe_overflow_tiny_flanked, temple_green
D:8:      layout_gridville, good_gods_temple_1, mainiacjoe_overflow_alcove_4,
          lair_entry_dummy, water_maze_lemuel
D:9:      kennysheep_six_static_rooms, layout_loops_ring,
          nzn_hepliaklqana_mist_gate, overflow_temple_1_default,
          lemuel_zombie_altar_yredelemnul, mainiacjoe_overflow_small_starburst,
          serial_shops, shop, nicolae_inconvenience_store, shop, shop_statue,
          kennysheep_mini, uniq_pikel
D:10:     layout_basic, nicolae_sif_muna_little_library, uniq_nergalle,
          uniq_sonja
D:11:     layout_stronghold, skrybe_limestone_x, minmay_beelzebubs_servants,
          uniq_maurice
D:12:     layout_stronghold, uniq_snorg, uniq_urug, uniq_kirke
Lair:1:   layout_regular_city, grunt_megastairs_5
Lair:2:   layout_small_grid, spider_nest_entry_webs, serial_bayou_shore_b,
          infiniplex_staircase_pool_2, minmay_lair_oklob_chamber
Lair:3:   layout_misc_corridors, portal_ice_cave_demonic_guard, st_stairs_4
Lair:4:   layout_layer_cave, elwin_shoals_entry_rooms,
          gammafunk_ghost_berserking_beasts, minmay_shattered_shrine,
          serial_bayou_shore_a
Lair:5:   layout_gridlike, dpeg_slime_entry_enclosed_altar
Lair:6:   minmay_lair_end_enchanted_forest, layout_hall_layers, st_stairs_4,
          grunt_forest_small_clearings

Skill      XL: |  1  2  3  4  5  6  7  8  9 10 11 12 13 14 |
---------------+-------------------------------------------+-----
Dodging        | 1 2 3 4 5 6 7 8 |  8.9
Axes           | 3 4 5 7 8 9 |  9.2
Invocations    | 3 4 5 6 8 10 11 12 13 15 | 15.1
Fighting       | 4 5 7 8 9 10 12 13 14 | 14.3
Armour         | 3 4 5 7 8 9 10 11 | 11.5
Long Blades    | 4 6 8 10 | 10.2
Shields        | 3 6 |  6.6

Action                   |  1- 3 |  4- 6 |  7- 9 | 10-12 | 13-15 || total
-------------------------+-------+-------+-------+-------+-------++-------
Melee: Hand axe          |   117 |   182 |       |       |       ||   299
       War axe           |       |    81 |   313 |   232 |       ||   626
       Double sword      |       |       |       |   314 |   581 ||   895
Invok: Depart the Abyss  |     1 |       |       |       |       ||     1
       Banish            |       |       |       |     5 |     5 ||    10
Evoke: Wand              |       |       |    12 |    10 |    13 ||    35
       Tin of tremorston |       |       |       |     2 |     3 ||     5
       Phantom mirror    |       |       |       |       |     1 ||     1
       Phial of floods   |       |       |       |       |     1 ||     1
  Use: Potion            |     2 |     3 |     3 |    10 |     6 ||    24
       Scroll            |     4 |     5 |     5 |     7 |     6 ||    27
 Stab: Fleeing           |       |       |       |     1 |       ||     1
Armor: Leather armour    |    62 |       |       |       |       ||    62
       Storm dragon scal |    17 |   156 |   197 |   424 |   331 ||  1125
       Skin              |       |     4 |       |       |       ||     4
Dodge: Dodged            |    81 |   179 |   178 |   472 |   425 ||  1335
Block: Buckler           |       |       |       |       |   121 ||   121
       Rpst.: Double sword |       |       |       |    74 |   122 ||   196
